 Dungeon Crawl Stone Soup version 0.28.0-53-g5a82cb258f (webtiles) character file.

Game seed: 11356556910999588874

1265 Peloso the Slasher (level 8, -21/63 HPs)
             Began as a Minotaur Fighter on July 25, 2022.
             Was a Follower of Okawaru.
             Killed from afar by Maggie (24 damage)
             ... with a bolt of fire
             ... on level 6 of the Dungeon.
             The game lasted 00:07:53 (6964 turns).

Peloso the Slasher (Minotaur Fighter)               Turns: 6964, Time: 00:07:53

Health: -21/63     AC: 12    Str: 22    XL:     8   Next: 27%
Magic:  6/7        EV:  8    Int:  5    God:    Okawaru [*.....]
Gold:   279        SH:  5    Dex: 11    Spells: 7/7 levels left

rFire   . . .      SeeInvis .   a - +0 long sword
rCold   . . .      Faith    .   c - +0 buckler
rNeg    . . .      Spirit   .   b - +0 chain mail
rPois   .          Reflect  .   (helmet restricted)
rElec   .          Harm     .   g - +0 cloak
rCorr   .          Rampage  .   (no gloves)
Will    .....                   (no boots)
Stlth   ..........              (no amulet)
HPRegen 0.20/turn               (no ring)
MPRegen 0.10/turn               (no ring)

@: flying
A: horns 2, retaliatory headbutt, frail 1, MP-powered wands
a: Renounce Religion, Heroism


You were on level 6 of the Dungeon.
You worshipped Okawaru.
Okawaru was aware of your devotion.
You visited 2 branches of the dungeon, and saw 7 of its levels.

You collected 279 gold pieces.

Inventory:

Hand Weapons
 a - a +0 long sword (weapon)
Armour
 b - a +0 chain mail (worn)
 c - a +0 buckler (worn)
 g - a +0 cloak (worn)
Scrolls
 e - a scroll of holy word {unknown}
 f - a scroll of identify {unknown}
 k - a scroll of fear {unknown}
 l - 2 scrolls of teleportation
 m - 2 scrolls of amnesia {unknown}
 o - a scroll of fog {unknown}
 p - a scroll of magic mapping {unknown}
 t - a scroll of immolation {unknown}
 u - a scroll of blinking
 v - a scroll of enchant weapon {unknown}
Potions
 d - 2 potions of might
 i - a potion of attraction {unknown}
 j - a potion of curing {unknown}
 n - a potion of haste {unknown}
 q - 2 potions of flight
 r - a potion of invisibility {unknown}
 s - a potion of resistance {unknown}


   Skills:
 + Level 6.2 Fighting
 + Level 7.6 Long Blades
 + Level 7.4 Armour
 + Level 1.7 Dodging
 + Level 0.4 Stealth
 + Level 5.3 Shields


You had 7 spell levels left.
You didn't know any spells.
Your spell library contained the following spells:

 Spells                   Type           Power      Damage    Failure   Level
 Beastly Appendage        Tmut           0%         N/A       99%         1
 Ensorcelled Hibernation  Hex/Ice        0%         N/A       100%        2
 Passwall                 Tmut/Erth      0%         N/A       100%        2
 Static Discharge         Conj/Air       0%         N/A       100%        2
 Gell's Gravitas          Tloc           0%         N/A       100%        3
 Mephitic Cloud           Conj/Pois/Air  0%         N/A       100%        3
 Swiftness                Air            0%         N/A       100%        3
 Teleport Other           Tloc           0%         N/A       100%        3
 Dispel Undead            Necr           0%         3d6       100%        4
 Sticky Flame             Conj/Fire      0%         2d3       100%        4
 Alistair's Intoxication  Tmut/Pois      0%         N/A       100%        5
 Dispersal                Tloc           0%         N/A       100%        6
 Eringya's Noxious Bog    Tmut/Pois      0%         N/A       100%        6
 Iron Shot                Conj/Erth      0%         9d1       100%        6


Dungeon Overview and Level Annotations

Branches:
Dungeon (6/15)             Temple (1/1) D:5

Altars:
Dithmenos
Elyvilon
Fedhas
Gozag
Hepliaklqana
Kikubaaqudgha
Nemelex Xobeh
Okawaru
Qazlal
Ru
Sif Muna
Trog
Uskayaw
Vehumet
Wu Jian
Xom
Zin
The Shining One

Annotations:
D:6 Dig, Maggie


Innate Abilities, Weirdness & Mutations

You have a pair of horns on your head.
You reflexively headbutt those who attack you in melee.
You are frail. (-10% HP)
You expend magic power (3 MP) to strengthen your wands.


Message History

Maggie is moderately wounded.
Maggie barely misses you.
You closely miss Maggie.
Maggie is moderately wounded.
Maggie closely misses you.
You slash Maggie!
Maggie is heavily wounded.
You block Maggie's attack.
You hit Maggie but do no damage. Your headbutt misses Maggie.
Maggie is heavily wounded.
You hit Maggie but do no damage. Your headbutt misses Maggie.
Maggie is heavily wounded.
Maggie hits you but does no damage.
You hit Maggie. Your headbutt misses Maggie.
Maggie is heavily wounded.
Maggie hits you with a +0 scimitar of flaming!
Maggie burns you.
You hit Maggie. Your headbutt misses Maggie.
Maggie is heavily wounded.
You feel like a meek peon again. You block Maggie's attack.
You slash Maggie!
Maggie is severely wounded.
Maggie gestures at you while chanting. The bolt of fire hits you!!
* * * LOW HITPOINT WARNING * * *
You barely miss Maggie.
Maggie is severely wounded.
Maggie casts a spell at you. The bolt of fire hits you!
* * * LOW HITPOINT WARNING * * *
It was a potion of flight.
You feel very buoyant.
You fly up into the air.
Maggie barely misses you.
It was a potion of mutation.
You feel extremely strange.
You feel frail.
You feel your magical essence link to the dungeon's wands.
Maggie points at you and mumbles some strange words.
The bolt of fire hits you!!
You die...

####### #.....#
#..$..# #.....#
#....@# #....@#
#.....#
#.....##############
#####........#..##.##
#....#......#......#
#....#......#......#
#..>.#......#......#
#..#.#......###'#####
####.##............#.


You could see Maggie.

Vanquished Creatures
  Sigmund (D:2)
  A sky beast (D:6)
  An ogre (D:5)
  A phantom (D:5)
  A kobold brigand (D:6)
  A scorpion (D:5)
  A water moccasin zombie (D:4)
  A wyvern zombie (D:5)
  A bullfrog zombie (D:6)
  A jelly (D:5)
  2 bullfrog skeletons
  A hound (D:3)
  4 orc priests
  A gnoll shaman (D:4)
  Natasha (twice) (D:2)
  2 orc wizards
  A hound zombie (D:5)
  An adder (D:2)
  8 gnolls
  A howler monkey skeleton (D:6)
  2 ufetubi (D:5)
  2 worms
  An adder skeleton (D:4)
  3 dart slugs
  13 orcs
  7 ball pythons
  3 bats
  4 endoplasms
  5 giant cockroaches
  3 goblins
  3 hobgoblins
  2 quokkas
  2 frilled lizards
  13 kobolds
  6 rats
102 creatures vanquished.

Notes
Turn   | Place    | Note
-------+----------+-------------------------------------------
     0 | D:1      | Peloso the Minotaur Fighter began the quest for the Orb.
     0 | D:1      | Reached XP level 1. HP: 19/19 MP: 0/0
   233 | D:1      | Reached XP level 2. HP: 23/27 MP: 1/1
   544 | D:1      | Found a faded altar of an unknown god.
   551 | D:1      | Got Plato's Tome of Transmigration
  1123 | D:2      | Noticed Natasha
  1128 | D:2      | Killed Natasha
  1129 | D:2      | Reached XP level 3. HP: 19/33 MP: 2/2
  1465 | D:2      | Noticed Natasha
  1475 | D:2      | Killed Natasha
  1476 | D:2      | Reached XP level 4. HP: 39/40 MP: 3/3
  1684 | D:2      | Noticed Sigmund
  2771 | D:3      | Reached XP level 5. HP: 27/47 MP: 4/4
  3261 | D:4      | Reached skill level 5 in Armour
  3521 | D:4      | Reached skill level 1 in Dodging
  3557 | D:4      | Reached skill level 5 in Long Blades
  3672 | D:4      | Reached XP level 6. HP: 53/53 MP: 5/5
  3685 | D:4      | Reached skill level 5 in Fighting
  4514 | D:5      | Entered Level 5 of the Dungeon
  5020 | D:5      | Found a staircase to the Ecumenical Temple.
  5033 | Temple   | Entered the Ecumenical Temple
  5040 | Temple   | Became a worshipper of Warmaster Okawaru
  5218 | D:5      | Reached XP level 7. HP: 61/61 MP: 6/6
  5503 | D:5      | Got Sif Muna's Reference Book on Mutagenic Conjuration
  6187 | D:2      | Killed Sigmund
  6187 | D:2      | Reached * piety under Okawaru
  6425 | D:6      | Reached skill level 5 in Shields
  6425 | D:6      | Reached XP level 8. HP: 32/70 MP: 7/7
  6945 | D:6      | Noticed Maggie
  6962 | D:6      | HP: 3/70 [Maggie/bolt of fire (13)]
  6964 | D:6      | Gained mutation: You are frail. (-10% HP) [potion of
                  | mutation]
  6964 | D:6      | Gained mutation: You expend magic power (3 MP) to
                  | strengthen your wands. [potion of mutation]
  6964 | D:6      | Killed from afar by Maggie

Illustrated notes

Levels and vault maps discovered:
D:1:      moated_graveyard_arrival, layout_basic,
          shapermc_ecumenical_altar_rom_forum
D:2:      layout_loops_corners, grunt_decor_one_mirror, minmay_pentomino_q2,
          uniq_sigmund, uniq_natasha
D:3:      layout_loops_ring, minmay_misc_feat_diagonals
D:4:      layout_basic, grunt_ministairs_2
D:5:      layout_loops_cross, minmay_temple_entry_ruins,
          kennysheep_generic_room_9
D:6:      cheibrodos_quashed, layout_gridville, grunt_ministairs_8,
          minmay_unpleasant_kobolds, uniq_maggie
Temple:   nicolae_temple_no_exploring_needed

Skill      XL: |  1  2  3  4  5  6  7 |
---------------+----------------------+-----
Shields        | 4 5 |  5.3
Armour         | 4 5 7 |  7.4
Fighting       | 4 5 6 |  6.2
Long Blades    | 3 4 5 7 |  7.6
Dodging        | 1 |  1.7
Stealth        | |  0.4

Action                   |  1- 3 |  4- 6 |  7- 9 || total
-------------------------+-------+-------+-------++-------
Melee: Long sword        |    49 |   150 |   109 ||   308
       Headbutt          |     8 |    30 |    11 ||    49
Invok: Heroism           |       |       |     1 ||     1
  Use: Scroll            |     3 |       |       ||     3
       Potion            |     1 |       |     2 ||     3
Armor: Scale mail        |    23 |    49 |       ||    72
       Chain mail        |       |    35 |    68 ||   103
Dodge: Dodged            |    19 |    65 |    33 ||   117
Block: Buckler           |     7 |    49 |    29 ||    85
